 Dungeon Crawl Stone Soup version 0.20-a0-431-g5f718f4 (webtiles) character file.

4224 Firecrotchwizard the Cruncher (level 10, -3/96 HPs)
             Began as a Minotaur Gladiator on Dec 12, 2016.
             Was a Believer of Okawaru.
             Slain by Erolcha
             ... wielding a +0 giant club
              (22 damage)
             ... on level 9 of the Dungeon.
             The game lasted 00:23:38 (8154 turns).

Firecrotchwizard the Cruncher (Minotaur Gladiator)  Turns: 8154, Time: 00:23:39

Health: -3/96      AC: 19    Str: 21    XL:     10   Next: 9%
Magic:  11/11      EV: 10    Int: 10    God:    Okawaru [**....]
Gold:   554        SH:  6    Dex: 13    Spells: 9/9 levels left

rFire  . . .     SeeInvis .     g - +3 quarterstaff (chaos)
rCold  . . .     Gourm    .     J - +0 chain mail
rNeg   . . .     Faith    .     (shield currently unavailable)
rPois  +         Spirit   .     c - +1 hat
rElec  .         Reflect  +     t - +0 cloak
rCorr  .         Harm     .     U - +2 pair of gloves
MR     ++...                    m - +0 pair of boots
Stlth  ..........               P - +6 amulet of reflection
                                z - ring "Onamekh" {rPois MR+ Int+7}
                                S - ring of protection from magic

@: no status effects
A: retaliatory headbutt, horns 2, thin metallic scales 1, dopey 1
a: Heroism, Renounce Religion


You were on level 9 of the Dungeon.
You worshipped Okawaru.
Okawaru was pleased with you.
You were not hungry.

You visited 2 branches of the dungeon, and saw 10 of its levels.

You collected 554 gold pieces.

Inventory:

Hand Weapons
 a - a +1 quarterstaff
 g - a +3 quarterstaff of chaos (weapon)
 D - the +6 flail of Eschoz {drain, rElec rN+}
   (You found it on level 5 of the Dungeon)

   A truly terrible weapon, it drains the life of those it strikes.
   It insulates you from electricity.
   It protects you from negative energy.
Missiles
 d - 3 throwing nets (quivered)
Armour
 c - a +1 hat (worn)
 m - a +0 pair of boots (worn)
 t - a +0 cloak (worn)
 J - a +0 chain mail (worn)
 U - a +2 pair of gloves (worn)
Jewellery
 y - an uncursed ring of stealth
 z - the ring "Onamekh" (right hand) {rPois MR+ Int+7}
   (You found it on level 4 of the Dungeon)

   [ring of poison resistance]

   It affects your intelligence (+7).
   It protects you from poison.
   It affects your resistance to hostile enchantments.
 H - an uncursed ring of resist corrosion
 P - a +6 amulet of reflection (around neck)
 R - an uncursed ring of protection from cold
 S - a ring of protection from magic (left hand)
Wands
 b - a wand of digging (4/24)
 v - a wand of flame (48/48)
 A - a wand of enslavement (11/24)
 C - a wand of slowing (16/48)
 K - a wand of iceblast (4/15)
 Q - a wand of acid (9/15)
 T - a wand of slowing (29/48)
Scrolls
 e - 3 scrolls of identify
 h - 3 scrolls of teleportation
 o - 2 scrolls of noise
 p - a scroll of fog
 r - a scroll of enchant armour
 w - a scroll of magic mapping
 B - 2 scrolls of fear {unknown}
 E - 3 scrolls of remove curse {unknown}
 I - 3 scrolls of recharging
 N - a scroll of enchant weapon
Potions
 i - a potion of invisibility
 j - 4 potions of curing
 k - 2 potions of degeneration
 l - 4 potions of haste
 s - a potion of flight
 u - a potion of berserk rage
 L - 2 potions of mutation
Comestibles
 f - 7 bread rations
 n - a slice of pizza
 q - a chunk of flesh
 x - 3 beef jerkies
 M - a meat ration


   Skills:
 * Level 11.3 Fighting
 * Level 11.5 Staves
 - Level 4.3 Throwing
 + Level 7.1 Armour
 - Level 5.4 Dodging
   Level 3.0 Earth Magic
 + Level 3.8 Evocations


You had 9 spell levels left.
You didn't know any spells.

Dungeon Overview and Level Annotations

Branches:
Dungeon (9/15)             Temple (1/1) D:5
   Lair: D:8-11         Orc: D:9-12

Altars:
Ashenzari
Cheibriados
Dithmenos
Elyvilon
Fedhas
Gozag
Hepliaklqana Ieoh Jian
Kikubaaqudgha
Makhleb
Nemelex Xobeh
Okawaru
Qazlal
Sif Muna
Trog
Uskayaw
Vehumet
Xom
Zin
The Shining One

Shops:
D:8 ***(   D:9 [[

Annotations:
D:5 xnavy's ghost, novice FoFi
D:9 exclusion: statue, Erolcha


Innate Abilities, Weirdness & Mutations

You reflexively headbutt those who attack you in melee.
You have a pair of horns on your head.
You are partially covered in thin metallic scales. (AC +2)
You are dopey. (Int -2)


Message History

You thump something! You burn something. You sock something!
Your headbutt misses something. Something hits you but does no damage.
You sock something! Something hits you!
You thump something! You burn something. Something hits you!
You hit something. You freeze something. You headbutt something.
Something hits you!!
* * * LOW HITPOINT WARNING * * *
You miss something.
You feel much better. You block something's attack.
Something hits you but does no damage.
You closely miss something. You closely miss something. Something hits you!
* * * LOW HITPOINT WARNING * * *
You hit something. Something hits you!
* * * LOW HITPOINT WARNING * * *
You closely miss something. Something hits you but does no damage.
There is an open door here.
You miss something. Something hits you!!
You die...

#......#.....
########+##......#'####
#......................
#......................
#......................
#......................
+......................
#......................
..######@##########......
.......{........ #......
......††........ #.....#
........!....... #.....#
$............... #.....#
................ #######
................ .......
................ .......
...##+########. .......


There were no monsters in sight!

Vanquished Creatures
  Psyche (D:8)
  Grinder (D:3)
  Grum (D:8)
  The ghost of dracos369 the Sneak, an amateur VSEn (D:4)
  A hornet zombie (D:9)
  2 sky beasts
  3 ice beasts
  2 wolves (D:8)
  4 centaurs
  3 bullfrogs
  A water moccasin skeleton (D:9)
  A scorpion (D:6)
  3 wights (D:7)
  A jelly (D:6)
  A howler monkey (D:5)
  A crimson imp (D:8)
  2 bullfrog zombies
  5 hounds
  A centaur skeleton (D:9)
  An orc priest (D:7)
  Crazy Yiuf (D:4)
  3 iguanas
  5 orc wizards
  Natasha (thrice) (D:3)
  5 worker ants
  A killer bee zombie (D:7)
  2 howler monkey skeletons
  3 gnolls (D:6)
  8 adders
  2 shadow imps
  An ooze (D:1)
  2 adder skeletons
  4 worms
  6 dart slugs
  4 leopard geckos
  17 orcs
  2 ball pythons
  9 bats
  6 giant cockroaches
  9 goblins
  10 hobgoblins
  16 jackals
  5 kobolds
  3 quokkas
  6 frilled lizards
  A leopard gecko skeleton (D:4)
  A quokka skeleton (D:8)
  14 rats
185 creatures vanquished.

Notes
Turn   | Place    | Note
-------+----------+-------------------------------------------
     0 | D:1      | Firecrotchwizard the Minotaur Gladiator began the quest for the Orb.
     0 | D:1      | Reached XP level 1. HP: 18/18 MP: 0/0
   161 | D:1      | Reached XP level 2. HP: 25/25 MP: 1/1
   581 | D:1      | Reached XP level 3. HP: 31/31 MP: 2/2
  1044 | D:2      | Reached skill level 5 in Staves
  1074 | D:2      | Reached XP level 4. HP: 40/40 MP: 3/3
  1336 | D:2      | Found a white marble altar of Elyvilon.
  1342 | D:2      | Found a glowing silver altar of Zin.
  1390 | D:2      | Found a blossoming altar of Fedhas.
  1486 | D:3      | Noticed Natasha
  1490 | D:3      | Killed Natasha
  1664 | D:3      | Found a snail-covered altar of Cheibriados.
  1668 | D:3      | Reached XP level 5. HP: 47/47 MP: 4/4
  1744 | D:3      | Noticed Natasha
  1756 | D:3      | Killed Natasha
  1756 | D:3      | Reached skill level 1 in Armour
  1958 | D:3      | Noticed Natasha
  1968 | D:3      | Killed Natasha
  1968 | D:3      | Reached skill level 5 in Fighting
  2181 | D:3      | Noticed a centaur
  2187 | D:3      | Killed a centaur
  2187 | D:3      | Reached XP level 6. HP: 23/56 MP: 5/5
  2531 | D:3      | Noticed Grinder
  2552 | D:3      | Paralysed by Grinder for 4 turns
  2557 | D:3      | Killed Grinder
  2937 | D:4      | Found a runed door.
  2941 | D:4      | Noticed Crazy Yiuf
  2946 | D:4      | Killed Crazy Yiuf
  2946 | D:4      | Reached XP level 7. HP: 47/64 MP: 6/6
  3134 | D:4      | Found an ornate altar of the Ieoh Jian Council.
  3456 | D:4      | Got a twitching brass ring
  3698 | D:4      | Noticed dracos369's ghost (amateur VSEn)
  3710 | D:4      | Killed dracos369's ghost
  3785 | D:4      | Found a hide-covered altar of Uskayaw.
  4125 | D:5      | Entered Level 5 of the Dungeon
  4171 | D:5      | Gained mutation: You are dopey. (Int -2) [mutagenic meat]
  4172 | D:5      | Gained mutation: You are partially covered in thin metallic scales. (AC +2) [mutagenic meat]
  4173 | D:5      | Gained mutation: Your muscles are strong. (Str +2) [mutagenic meat]
  4174 | D:5      | Gained mutation: Your magical capacity is low. (-10% MP) [mutagenic meat]
  4175 | D:5      | Lost mutation: Your magical capacity is low. (-10% MP) [mutagenic meat]
  4176 | D:5      | Lost mutation: Your muscles are strong. (Str +2) [mutagenic meat]
  4285 | D:5      | Found a sparkling altar of Nemelex Xobeh.
  4397 | D:5      | Found a staircase to the Ecumenical Temple.
  4415 | Temple   | Entered the Ecumenical Temple
  4416 | Temple   | Identified the ring "Onamekh" {rPois MR+ Int+7} (You found it on level 4 of the Dungeon)
  4422 | Temple   | Reached skill level 10 in Fighting
  4422 | Temple   | Reached skill level 10 in Staves
  4422 | Temple   | Reached skill level 5 in Dodging
  4422 | Temple   | Reached XP level 8. HP: 79/79 MP: 6/9
  4651 | D:5      | Noticed xnavy's ghost (novice FoFi)
  4949 | D:5      | Found a burning altar of Makhleb.
  4976 | D:5      | Noticed a moth of wrath
  4979 | D:5      | Found a bloodstained altar of Trog.
  4996 | D:5      | Got an ivory flail
  5450 | D:5      | Identified the +6 flail of Eschoz {drain, rElec rN+} (You found it on level 5 of the Dungeon)
  5489 | D:6      | Reached XP level 9. HP: 82/85 MP: 10/10
  5914 | D:6      | Found an iron altar of Okawaru.
  5925 | D:6      | Became a worshipper of Warmaster Okawaru
  6807 | D:7      | Reached * piety under Okawaru
  7023 | D:8      | Found Xidghori's Assorted Antiques.
  7101 | D:8      | Noticed Grum
  7102 | D:8      | Noticed Psyche
  7121 | D:8      | Killed Psyche
  7126 | D:8      | Found Izum's Antique Weapon Boutique.
  7127 | D:8      | Killed Grum
  7127 | D:8      | Reached ** piety under Okawaru
  7595 | D:8      | Found Haisosy's General Store.
  7868 | D:8      | Found Ocremumo's Assorted Antiques.
  7975 | D:9      | Found Gixof's Armour Emporium.
  7983 | D:9      | Reached XP level 10. HP: 92/95 MP: 11/11
  8067 | D:9      | Found a radiant altar of Vehumet.
  8085 | D:9      | Found Huapom's Antique Armour Emporium.
  8129 | D:9      | Noticed Erolcha
  8154 | D:9      | Slain by Erolcha

Vault maps used:
D:1:      evilmike_arrival_crescent
D:2:      amethyst_overflow_temple_binary, marbit_many_paths
D:3:      old_standard_altar, uniq_grinder, uniq_natasha
D:4:      lemuel_coloured_pillars_altar, kennysheep_mini, first_bread,
          serial_park_tiny_2, minmay_misc_feat_square, uniq_crazy_yiuf_cottage
D:5:      lemuel_crystal_altar, tgw_trog, makhleb_blood_cavern_becter,
          portal_sewer_entry_d
D:6:      okawaru_gym_becter
D:8:      serial_shops, shop, nicolae_shop_behind_doors, shop,
          nicolae_shop_window_shopping, hex_intersection, uniq_grum, uniq_psyche
D:9:      vehumet_statue, gammafunk_temple_overflow_elements, erik_orc_1,
          serial_shops, nicolae_shop_temple_entry_statues_fountains, shop,
          nicolae_shop_crystal, uniq_erolcha
Temple:   jpeg_temple_island

Skill      XL: |  1  2  3  4  5  6  7  8  9 |
---------------+----------------------------+-----
Staves         | 4 5 6 10 11 | 11.5
Fighting       | 3 4 5 6 10 11 | 11.3
Armour         | 1 2 6 7 |  7.1
Throwing       | 4 |  4.3
Dodging        | 5 |  5.4
Earth Magic    | 3 |  3.0
Evocations     | 3 |  3.8

Action                   |  1- 3 |  4- 6 |  7- 9 | 10-12 || total
-------------------------+-------+-------+-------+-------++-------
Melee: Quarterstaff      |    56 |   131 |   126 |    41 ||   354
       Headbutt          |    10 |    10 |    37 |     6 ||    63
       Flail             |       |       |    95 |       ||    95
       Unarmed           |       |       |    11 |       ||    11
Throw: Throwing net      |       |       |     1 |       ||     1
  Use: Scroll            |       |     7 |     8 |       ||    15
       Potion            |       |       |     2 |     1 ||     3
 Stab: Confused          |       |       |     2 |       ||     2
       Invisible         |       |       |     2 |       ||     2
  Eat: Chunk             |       |     6 |    12 |     1 ||    19
       Meat ration       |       |       |     2 |       ||     2
Armor: Leather armour    |    19 |       |       |       ||    19
       Scale mail        |     1 |    50 |    51 |       ||   102
       Chain mail        |       |       |    56 |    16 ||    72
       Skin              |       |       |     5 |       ||     5
Dodge: Dodged            |    28 |    70 |   122 |    12 ||   232
Block: Other             |       |       |    33 |     9 ||    42
